 Dungeon Crawl Stone Soup version 0.29.1-1-gd02db6906a (webtiles) character file.

Game seed: 18084189095746486394

8 fireball365 the Digger (level 1, -2/14 HPs)
             Began as a Demigod Earth Elementalist on Oct 5, 2022.
             Slain by a kobold
             ... wielding a +0 whip of venom
              (4 damage)
             ... on level 1 of the Dungeon.
             The game lasted 00:01:39 (245 turns).

fireball365 the Digger (Demigod Earth Elementalist)  Turns: 245, Time: 00:01:39

Health: -2/14      AC:  3    Str:  9    XL:     1   Next: 80%
Magic:  1/5        EV: 11    Int: 17    God:
Gold:   16         SH:  0    Dex: 14    Spells: 2/3 levels left

rFire   . . .      SeeInvis .   g - staff of air
rCold   . . .      Faith    .   (no shield)
rNeg    . . .      Spirit   .   e - +0 leather armour
rPois   .          Reflect  .   (no helmet)
rElec   +          Harm     .   (no cloak)
rCorr   .          Rampage  .   (no gloves)
Will    .....                   (no boots)
Stlth   ++........              (no amulet)
HPRegen 0.04/turn               (no ring)
MPRegen 0.09/turn               (no ring)

@: no status effects
A: high MP 1, forlorn, divine attributes
a: no special abilities


You were on level 1 of the Dungeon.
You visited 1 branch of the dungeon, and saw 1 of its levels.

You collected 16 gold pieces.

Inventory:

Armour
 a - a +0 robe
 e - a +0 leather armour (worn)
Magical Staves
 f - a staff of air
 g - a staff of air (weapon)
Scrolls
 d - 2 scrolls of identify {unknown}
 h - a scroll of amnesia {unknown}
 i - a scroll of teleportation {unknown}
Potions
 b - a potion of magic
 c - a potion of degeneration {unknown}


   Skills:
 + Level 1.7 Dodging
 + Level 1.7 Stealth
 + Level 1.9 Spellcasting
 + Level 1.1 Transmutations
 + Level 3.0 Earth Magic


You had 2 spell levels left.
You knew the following spells:

 Your Spells              Type           Power      Damage    Failure   Level
a - Sandblast             Erth           24%        2d8       8%          1

Your spell library contained the following spells:

 Spells                   Type           Power      Damage    Failure   Level
 Passwall                 Tmut/Erth      6%         N/A       19%         2
 Stone Arrow              Conj/Erth      12%        3d7       41%         3
 Petrify                  Tmut/Erth      8%         N/A       75%         4


Dungeon Overview and Level Annotations

Branches:
Dungeon (1/15)


Innate Abilities, Weirdness & Mutations

You have an increased reservoir of magic. (+10% MP)
You shall have no god before yourself.
Your divine heritage dramatically boosts your attributes as you level up.


Message History

The giant cockroach is almost dead.
The giant cockroach bites you.
* * * LOW HITPOINT WARNING * * *
The giant cockroach bites you.
* * * LOW HITPOINT WARNING * * *
You closely miss the giant cockroach.
The giant cockroach is almost dead.
The giant cockroach misses you.
You hit the giant cockroach but do no damage.
The giant cockroach is almost dead.
The giant cockroach bites you but does no damage.
You hit the giant cockroach but do no damage.
The giant cockroach is almost dead.
The giant cockroach barely misses you. x2
Your magical contamination has completely faded away.
You barely miss the giant cockroach.
The giant cockroach is almost dead.
The giant cockroach barely misses you.
You hit the giant cockroach.
You kill the giant cockroach!
The bat closely misses you. The bat hits you.
* * * LOW HITPOINT WARNING * * *
You hit the bat.
The bat is moderately wounded.
The bat barely misses you. The bat hits you but does no damage.
You hit the bat.
The bat is severely wounded.
The bat hits you but does no damage. x2
You completely miss the bat.
The bat is severely wounded.
The bat closely misses you. The bat barely misses you.
You closely miss the bat.
The bat is severely wounded.
The bat hits you but does no damage. The bat completely misses you.
The bat hits you but does no damage.
You hit the bat.
You kill the bat!
The kobold hits you with a +0 whip of venom.
You die...

##### #...
#############.###
####.............>.#####
......†................#
##.#.#..##.#.#.#.#........
#.#........###..#####.###
#.#.#..##.#.#.#.# #
##...#.>..##.##@#
##....###.#.##K#####..
#.#.## #. ##gr...... #...
# #.#####># #.# #.# #
##?###.... #.........
#.).....#.


You could see a hobgoblin, a kobold and a rat.

Vanquished Creatures
  2 bats (D:1)
  A giant cockroach (D:1)
  2 hobgoblins (D:1)
  A ball python (D:1)
  A kobold (D:1)
  2 rats (D:1)
9 creatures vanquished.

Notes
Turn   | Place    | Note
-------+----------+-------------------------------------------
     0 | D:1      | fireball365 the Demigod Earth Elementalist began the quest
                  | for the Orb.
     0 | D:1      | Reached XP level 1. HP: 14/14 MP: 5/5
   178 | D:1      | Reached skill level 1 in Transmutations
   221 | D:1      | Reached skill level 3 in Earth Magic
   245 | D:1      | Slain by a kobold

Illustrated notes

Levels and vault maps discovered:
D:1:      spicycebolla_arrival_transporter_tutorial, layout_loops_ring,
          basic_ecumenical_altar, hangedman_decor_peaks_small

Skill      XL: |  1 |
---------------+----+-----
Transmutations | 1 |  1.1
Earth Magic    | 3 |  3.0
Dodging        | |  1.7
Stealth        | |  1.7
Spellcasting   | |  1.9

Action                   || total
-------------------------++-------
Melee: Staff             ||    13
 Cast: Sandblast         ||    10
Armor: Leather armour    ||    13
Dodge: Dodged            ||    16
